TOP OF THE 1ST |
Wisconsin Timber Rattlers batting - Pitching for Cape Cod Clams : RHP Robert Martin
|
Pitching: RHP Robert Martin
|
|
Batting: RHB Eric Thompson
|
0-0: Ball 1-0: Ball 2-0: Ball 3-0: Called Strike 3-1: Foul Ball, location: 2F 3-2: Strikes out swinging
|
Batting: RHB John Denton
|
0-0: Ball 1-0: Ball 2-0: Ball 3-0: Base on Balls
|
Batting: RHB Jesús Cabrera
|
0-0: Grounds into double play, 5-4-3 (Groundball, 56)
|
Top of the 1st over - 0 run(s), 0 hit(s), 0 error(s), 0 left on base; Wisconsin 0 - Cape Cod 0 |
BOTTOM OF THE 1ST |
Cape Cod Clams batting - Pitching for Wisconsin Timber Rattlers : LHP José Bamuelos
|
Pitching: LHP José Bamuelos
|
|
Batting: RHB Max Jones
|
0-0: Foul Ball, location: 2F 0-1: Ball 1-1: Foul Ball, location: 2F 1-2: Ball 2-2: SINGLE (Flyball, 9S)
|
Batting: RHB Yasuhiro Kobayashi
|
0-0: Foul Ball, location: 2F 0-1: Called Strike 0-2: Ball 1-2: Foul Ball, location: 2F 1-2: Ball 2-2: Ball 3-2: Base on Balls Max Jones to second
|
Batting: RHB Carlos García
|
0-0: Ball 1-0: Called Strike 1-1: Ball 2-1: Called Strike 2-2: Ball 3-2: Base on Balls Max Jones to third Yasuhiro Kobayashi to second
|
Batting: LHB Sixto Cantú
|
0-0: Foul Ball, location: 2F 0-1: Ball 1-1: DOUBLE (Groundball, 3L) Max Jones scores Yasuhiro Kobayashi scores Carlos García to third
|
Batting: RHB Gerald Burnett
|
0-0: Ball 1-0: Swinging Strike 1-1: Ball 2-1: Ball 3-1: SINGLE (Groundball, 4MD) Carlos García scores Sixto Cantú to third
|
Batting: RHB Guo-xiu Choi
|
0-0: Ball 1-0: Fly out, F8 (Flyball, 8RXD) Runner from 3rd tags up, SCORES, no throw
|
Batting: RHB Kenny Cole
|
0-0: SINGLE (Flyball, 9S) Gerald Burnett to second
|
Batting: RHB John Pick
|
0-0: Ball 1-0: SINGLE (Flyball, 9LS) Gerald Burnett to third Kenny Cole to second
|
Batting: RHB Mitsuoki Taguchi
|
0-0: Ball 1-0: SINGLE (Line Drive, 6MD) Gerald Burnett scores Kenny Cole to third John Pick to second
|
Batting: RHB Max Jones
|
0-0: Swinging Strike 0-1: Fly out, F9 (Flyball, 9LS) Runner from 3rd tags up, SCORES, no throw
|
Batting: RHB Yasuhiro Kobayashi
|
0-0: Fielders Choice at 2nd, 6-4 (Groundball, 6)
|
Bottom of the 1st over - 6 run(s), 6 hit(s), 0 error(s), 1 left on base; Wisconsin 0 - Cape Cod 6 |
TOP OF THE 2ND |
Wisconsin Timber Rattlers batting - Pitching for Cape Cod Clams : RHP Robert Martin
|
Batting: RHB Dick Slagboom
|
0-0: Ball 1-0: Ball 2-0: Ball 3-0: Base on Balls
|
Batting: RHB Vicente Vélez
|
0-0: Ball 1-0: Ball 2-0: Ball 3-0: Base on Balls Dick Slagboom to second
|
Batting: RHB Greg King
|
0-0: Called Strike 0-1: Foul Ball, location: 2F 0-2: Ball 1-2: SINGLE (Groundball, 34D) Dick Slagboom to third Vicente Vélez to second
|
Batting: RHB Danny Campbell
|
0-0: Ball 1-0: Ball 2-0: Called Strike 2-1: Foul Ball, location: 2F 2-2: Fly out, F8 (Line Drive, 89D) Runner from 3rd tags up, SCORES, no throw
|
Batting: RHB Pablo Gonzáles
|
0-0: Called Strike 0-1: Foul Ball, location: 2F 0-2: Ball 1-2: Ball 2-2: Fly out, F2 (Popup, 3S)
|
Batting: RHB Hunter Plunket
|
0-0: Called Strike 0-1: Foul Ball, location: 2F 0-2: Strikes out swinging
|
Top of the 2nd over - 1 run(s), 1 hit(s), 0 error(s), 2 left on base; Wisconsin 1 - Cape Cod 6 |
BOTTOM OF THE 2ND |
Cape Cod Clams batting - Pitching for Wisconsin Timber Rattlers : LHP José Bamuelos
|
Batting: RHB Carlos García
|
0-0: Called Strike 0-1: Foul Ball, location: 2F 0-2: Ball 1-2: Foul Ball, location: 2F 1-2: Fly out, F8 (Flyball, 8RM)
|
Batting: LHB Sixto Cantú
|
0-0: Ball 1-0: Ball 2-0: Called Strike 2-1: Foul Ball, location: 2F 2-2: Fly out, F8 (Flyball, 8RM)
|
Batting: RHB Gerald Burnett
|
0-0: SINGLE (Line Drive, 89S)
|
Batting: RHB Guo-xiu Choi
|
0-0: Called Strike 0-1: Swinging Strike 0-2: Ball 1-2: Ball 2-2: Strikes out looking
|
Bottom of the 2nd over - 0 run(s), 1 hit(s), 0 error(s), 1 left on base; Wisconsin 1 - Cape Cod 6 |
TOP OF THE 3RD |
Wisconsin Timber Rattlers batting - Pitching for Cape Cod Clams : RHP Robert Martin
|
Batting: RHB Eric Thompson
|
0-0: Ball 1-0: Swinging Strike 1-1: Fly out, F9 (Flyball, 9)
|
Batting: RHB John Denton
|
0-0: Ball 1-0: Foul Ball, location: 2F 1-1: Foul Ball, location: 2F 1-2: Ball 2-2: Ground out 5-3 (Groundball, 56)
|
Batting: RHB Jesús Cabrera
|
0-0: Ball 1-0: Called Strike 1-1: Called Strike 1-2: Strikes out swinging
|
Top of the 3rd over - 0 run(s), 0 hit(s), 0 error(s), 0 left on base; Wisconsin 1 - Cape Cod 6 |
BOTTOM OF THE 3RD |
Cape Cod Clams batting - Pitching for Wisconsin Timber Rattlers : LHP José Bamuelos
|
Batting: RHB Kenny Cole
|
0-0: Called Strike 0-1: Fly out, F9 (Flyball, 9LMF)
|
Batting: RHB John Pick
|
0-0: Ball 1-0: Called Strike 1-1: Ball 2-1: Foul Ball, location: 2F 2-2: Fly out, F2 (Popup, 3S)
|
Batting: RHB Mitsuoki Taguchi
|
0-0: Ground out 4-3 (Groundball, 4)
|
Bottom of the 3rd over - 0 run(s), 0 hit(s), 0 error(s), 0 left on base; Wisconsin 1 - Cape Cod 6 |
TOP OF THE 4TH |
Wisconsin Timber Rattlers batting - Pitching for Cape Cod Clams : RHP Robert Martin
|
Batting: RHB Dick Slagboom
|
0-0: Ball 1-0: Foul Ball, location: 2F 1-1: Foul Ball, location: 2F 1-2: Ball 2-2: DOUBLE (Groundball, 5L)
|
Pinch Runner at 2nd Kirk Powell:
|
|
Batting: RHB Vicente Vélez
|
0-0: Ground out 4-3 (Groundball, 4) Kirk Powell to third
|
Batting: RHB Greg King
|
0-0: Ground out 6-3 (Groundball, 6) Kirk Powell scores
|
Batting: RHB Danny Campbell
|
0-0: Ball 1-0: Fly out, F8 (Flyball, 89M)
|
Top of the 4th over - 1 run(s), 1 hit(s), 0 error(s), 0 left on base; Wisconsin 2 - Cape Cod 6 |
BOTTOM OF THE 4TH |
Cape Cod Clams batting - Pitching for Wisconsin Timber Rattlers : LHP José Bamuelos
|
Now at C: Kirk Powell
|
|
Batting: RHB Max Jones
|
0-0: Ball 1-0: Foul Ball, location: 2F 1-1: Ball 2-1: Foul Ball, location: 2F 2-2: Ball 3-2: Fly out, F8 (Flyball, 8LD)
|
Batting: RHB Yasuhiro Kobayashi
|
0-0: Foul Ball, location: 2F 0-1: Foul Ball, location: 2F 0-2: Ball 1-2: Foul Ball, location: 2F 1-2: Foul Ball, location: 2F 1-2: SOLO HOME RUN (Flyball, 8RXD), Distance : 431 ft
|
Pitching: LHP Dave Carbone
|
|
Batting: RHB Carlos García
|
0-0: Ball 1-0: Foul Ball, location: 2F 1-1: Foul Ball, location: 2F 1-2: Ground out 5-3 (Groundball, 56S)
|
Batting: LHB Sixto Cantú
|
0-0: Ball 1-0: Foul Ball, location: 2F 1-1: Ball 2-1: Ball 3-1: Foul Ball, location: 2F 3-2: Ground out 5-3 (Groundball, 5)
|
Bottom of the 4th over - 1 run(s), 1 hit(s), 0 error(s), 0 left on base; Wisconsin 2 - Cape Cod 7 |
TOP OF THE 5TH |
Wisconsin Timber Rattlers batting - Pitching for Cape Cod Clams : RHP Robert Martin
|
Batting: RHB Pablo Gonzáles
|
0-0: Called Strike 0-1: Ball 1-1: Ball 2-1: Ball 3-1: SINGLE (Groundball, 56D)
|
Batting: RHB Hunter Plunket
|
0-0: Called Strike 0-1: Foul Ball, location: 2F 0-2: Strikes out swinging
|
Batting: RHB Eric Thompson
|
0-0: Called Strike Pablo Gonzáles steals 2nd base 0-1: Ball 1-1: Ball 2-1: Swinging Strike 2-2: Ground out 6-3 (Groundball, 6) Pablo Gonzáles to third
|
Batting: RHB John Denton
|
0-0: Ball 1-0: Called Strike 1-1: Called Strike 1-2: Ball 2-2: Foul Ball, location: 2F 2-2: Foul Ball, location: 2F 2-2: Foul Ball, location: 2F 2-2: Strikes out swinging
|
Top of the 5th over - 0 run(s), 1 hit(s), 0 error(s), 1 left on base; Wisconsin 2 - Cape Cod 7 |
BOTTOM OF THE 5TH |
Cape Cod Clams batting - Pitching for Wisconsin Timber Rattlers : LHP Dave Carbone
|
Batting: RHB Gerald Burnett
|
0-0: Swinging Strike 0-1: Ball 1-1: Ball 2-1: Ball 3-1: Swinging Strike 3-2: Foul Ball, location: 2F 3-2: Base on Balls
|
Batting: RHB Guo-xiu Choi
|
0-0: Ball 1-0: Fly out, F9 (Flyball, 9S)
|
Batting: RHB Kenny Cole
|
0-0: Swinging Strike 0-1: Hit by Pitch Gerald Burnett to second
|
Batting: RHB John Pick
|
0-0: Called Strike 0-1: Ball 1-1: Swinging Strike 1-2: Fly out, F7 (Line Drive, 7)
|
Batting: RHB Mitsuoki Taguchi
|
0-0: Ball Wild Pitch! Gerald Burnett to third Kenny Cole to second 1-0: Ground out 6-3 (Groundball, 6)
|
Bottom of the 5th over - 0 run(s), 0 hit(s), 0 error(s), 2 left on base; Wisconsin 2 - Cape Cod 7 |
TOP OF THE 6TH |
Wisconsin Timber Rattlers batting - Pitching for Cape Cod Clams : RHP Robert Martin
|
Batting: RHB Jesús Cabrera
|
0-0: Foul Ball, location: 2F 0-1: Called Strike 0-2: Strikes out looking
|
Batting: RHB Kirk Powell
|
0-0: Called Strike 0-1: Called Strike 0-2: SINGLE (Groundball, 4MD)
|
Batting: RHB Vicente Vélez
|
0-0: Ball 1-0: Foul Ball, location: 2F 1-1: Ball 2-1: Ball 3-1: Base on Balls Kirk Powell to second
|
Pitching: RHP Ryan Klein
|
|
Batting: RHB Greg King
|
0-0: Called Strike 0-1: Swinging Strike 0-2: Strikes out swinging
|
Batting: RHB Danny Campbell
|
0-0: Called Strike 0-1: Called Strike 0-2: Foul Ball, location: 2F 0-2: Fielders Choice at 2nd, 6-4 (Groundball, 6)
|
Top of the 6th over - 0 run(s), 1 hit(s), 0 error(s), 1 left on base; Wisconsin 2 - Cape Cod 7 |
BOTTOM OF THE 6TH |
Cape Cod Clams batting - Pitching for Wisconsin Timber Rattlers : LHP Dave Carbone
|
Batting: RHB Max Jones
|
0-0: Called Strike 0-1: Ball 1-1: Foul Ball, location: 2F 1-2: Ground out 5-3 (Groundball, 56)
|
Batting: RHB Yasuhiro Kobayashi
|
0-0: Ball 1-0: Foul Ball, location: 2F 1-1: Ball 2-1: Ball 3-1: Base on Balls
|
Batting: RHB Carlos García
|
0-0: Fly out, F9 (Flyball, 9LMF)
|
Pitching: RHP Andy Parker
|
|
Batting: LHB Sixto Cantú
|
0-0: SINGLE (Line Drive, 56) Yasuhiro Kobayashi to second
|
Batting: RHB Gerald Burnett
|
0-0: Fly out, F9 (Flyball, 89M)
|
Bottom of the 6th over - 0 run(s), 1 hit(s), 0 error(s), 2 left on base; Wisconsin 2 - Cape Cod 7 |
TOP OF THE 7TH |
Wisconsin Timber Rattlers batting - Pitching for Cape Cod Clams : RHP Ryan Klein
|
Batting: RHB Pablo Gonzáles
|
0-0: Called Strike 0-1: Ball 1-1: Ball 2-1: Called Strike 2-2: Strikes out looking
|
Batting: RHB Hunter Plunket
|
0-0: SINGLE (Flyball, 89S)
|
Batting: RHB Eric Thompson
|
0-0: Ball 1-0: Hit by Pitch Hunter Plunket to second
|
Batting: RHB John Denton
|
0-0: Grounds into double play, 4-6-3 (Groundball, 4M)
|
Top of the 7th over - 0 run(s), 1 hit(s), 0 error(s), 1 left on base; Wisconsin 2 - Cape Cod 7 |
BOTTOM OF THE 7TH |
Cape Cod Clams batting - Pitching for Wisconsin Timber Rattlers : RHP Andy Parker
|
Batting: RHB Guo-xiu Choi
|
0-0: Ball 1-0: Called Strike 1-1: Ball 2-1: SINGLE (Groundball, 34D)
|
Batting: RHB Kenny Cole
|
0-0: SINGLE (Groundball, 56D) Guo-xiu Choi to second
|
Batting: RHB John Pick
|
0-0: Foul Ball, location: 2F 0-1: Foul Ball, location: 2F 0-2: Ball 1-2: Fly out, F8 (Flyball, 78XD) Runner from 2nd tags up, SAFE at 3rd, no throw
|
Batting: RHB Mitsuoki Taguchi
|
0-0: Called Strike 0-1: Swinging Strike 0-2: Fly out, F6 (Popup, 6MD)
|
Batting: RHB Max Jones
|
0-0: Ball 1-0: Called Strike 1-1: Ground out 6-3 (Groundball, 6S)
|
Bottom of the 7th over - 0 run(s), 2 hit(s), 0 error(s), 2 left on base; Wisconsin 2 - Cape Cod 7 |
TOP OF THE 8TH |
Wisconsin Timber Rattlers batting - Pitching for Cape Cod Clams : RHP Ryan Klein
|
Now at 2B: Franklin Shaw
|
|
Now at SS: Héctor Jiménez
|
|
Batting: RHB Jesús Cabrera
|
0-0: Ball 1-0: Swinging Strike 1-1: Swinging Strike 1-2: Foul Ball, location: 2F 1-2: Strikes out swinging
|
Batting: RHB Kirk Powell
|
0-0: Foul Ball, location: 2F 0-1: Foul Ball, location: 2F 0-2: Ball 1-2: Ground out 6-3 (Groundball, 6)
|
Batting: RHB Vicente Vélez
|
0-0: Called Strike 0-1: Ball 1-1: SINGLE (Groundball, 6MD)
|
Batting: RHB Greg King
|
0-0: Fly out, F8 (Flyball, 8LM)
|
Top of the 8th over - 0 run(s), 1 hit(s), 0 error(s), 1 left on base; Wisconsin 2 - Cape Cod 7 |
BOTTOM OF THE 8TH |
Cape Cod Clams batting - Pitching for Wisconsin Timber Rattlers : RHP Andy Parker
|
Batting: RHB Yasuhiro Kobayashi
|
0-0: SINGLE (Flyball, 9LS)
|
Batting: RHB Carlos García
|
0-0: Ball 1-0: Ball 2-0: Called Strike 2-1: Ball 3-1: Base on Balls Yasuhiro Kobayashi to second
|
Batting: LHB Sixto Cantú
|
0-0: Called Strike 0-1: Ball 1-1: Ball 2-1: Foul Ball, location: 2F 2-2: Foul Ball, location: 2F 2-2: Strikes out swinging
|
Batting: RHB Gerald Burnett
|
0-0: Ball 1-0: Foul Ball, location: 2F 1-1: Ball 2-1: Called Strike 2-2: Ball 3-2: Strikes out swinging
|
Batting: RHB Guo-xiu Choi
|
0-0: Swinging Strike 0-1: Ball 1-1: Ball 2-1: Ball 3-1: 3-RUN HOME RUN (Flyball, 9D), Distance : 414 ft
|
Batting: RHB Kenny Cole
|
0-0: Foul Ball, location: 2F 0-1: Ground out 6-3 (Groundball, 6)
|
Bottom of the 8th over - 3 run(s), 2 hit(s), 0 error(s), 0 left on base; Wisconsin 2 - Cape Cod 10 |
TOP OF THE 9TH |
Wisconsin Timber Rattlers batting - Pitching for Cape Cod Clams : RHP Ryan Klein
|
Batting: RHB Danny Campbell
|
0-0: Fly out, F9 (Flyball, 9S)
|
Pinch Hitting: RHB William Farmer
|
0-0: Swinging Strike 0-1: Ball 1-1: SINGLE (Line Drive, 34D)
|
Batting: RHB Hunter Plunket
|
0-0: Fly out, F8 (Flyball, 8RXD)
|
Batting: RHB Eric Thompson
|
0-0: Ground out 5-3 (Groundball, 56S)
|
Top of the 9th over - 0 run(s), 1 hit(s), 0 error(s), 1 left on base; Wisconsin 2 - Cape Cod 10 |
|